 Dungeon Crawl Stone Soup version 0.28-a0-1159-g27aa881441 (webtiles) character file.

Game seed: 10139652405404377345

3649 spaghetti the Unseen (level 10, -9/91 (92) HPs)
             Began as a Naga Delver on Dec 15, 2021.
             Was an Initiate of Gozag.
             Mangled by a yak (10 damage)
             ... on level 8 of the Dungeon.
             The game lasted 00:17:59 (9242 turns).

spaghetti the Unseen (Naga Delver)                  Turns: 9242, Time: 00:18:00

HP:   -9/91 (92)    AC:  5    Str: 18    XL:     10   Next: 12%
MP:   9/10          EV: 10    Int: 14    God:    Gozag
Gold: 234           SH:  5    Dex: 10    Spells: 3/9 levels left

rFire   . . .      SeeInvis +   m - +1 dagger (elec) {short}
rCold   . . .      Faith    .   i - +0 buckler
rNeg    . . .      Spirit   .   b - +0 leather armour
rPois   +          Reflect  .   p - +0 helmet
rElec   .          Harm     .   (no cloak)
rCorr   .          Rampage  .   (no gloves)
Will    +....                   (no barding)
Stlth   +++++.....              (no amulet)
HPRegen 0.25/turn               (no ring)
MPRegen 0.12/turn               (no ring)

@: mighty, brilliant, studying Polearms, lightly drained, unable to read, very
slow
A: AC +3, large, see invisible, deformed body, poison resistance, slowness 2,
spit poison 1, naga tail 1, clumsy 1, strong 1, inability to read while
threatened
a: Spit Poison, Renounce Religion, Potion Petition, Call Merchant, Bribe Branch


You were on level 8 of the Dungeon.
You worshipped Gozag.
Gozag was aware of your devotion.
You visited 2 branches of the dungeon, and saw 7 of its levels.

You collected 528 gold pieces.
You spent 154 gold pieces at shops.
You paid 140 gold pieces to Gozag.


Innate Abilities, Weirdness & Mutations

Your serpentine skin is tough. (AC +3)
You have supernaturally acute eyesight. (SInv)
Armour fits poorly on your strangely shaped body.
Your system is resistant to poisons. (rPois)
You cover ground very slowly.
You can spit poison.
You have a snake-like lower body.
You are clumsy. (Dex -2)
Your muscles are strong. (Str +2)
You sometimes lose the ability to read scrolls when taking damage.


   Skills:
 + Level 6.9 Fighting
 - Level 2.0 Long Blades
 + Level 5.4 Dodging
 - Level 15.0 Stealth
 + Level 5.6 Shields


You had 3 spell levels left.
You knew the following spells:

 Your Spells              Type           Power      Damage    Failure   Level
a - Teleport Other        Tloc           0%         N/A       71%         3
b - Lesser Beckoning      Tloc           0%         N/A       71%         3

Your spell library contained the following spells:

 Spells                   Type           Power      Damage    Failure   Level
 Gell's Gravitas          Tloc           0%         N/A       71%         3

Inventory:

Hand Weapons
 a - a +0 falchion {long}
 j - the +0 flail of Fikhuosh {drain, Contam rElec Int+5 SInv, mace}
   (You found it on level 5 of the Dungeon)

   A truly terrible weapon, it drains the life of any living foe it strikes.
   Int:       It affects your intelligence (+5).
   rElec:     It insulates you from electricity.
   SInv:      It lets you see invisible.
   Contam:    It causes magical contamination when unequipped.
 m - a +1 dagger of electrocution (weapon) {short}
   (You took it off a goblin on level 4 of the Dungeon)
Missiles
 h - 251 stones {throwing}
 l - 70 arrows
 n - 30 sling bullets
 o - 18 bolts
 s - 9 boomerangs {throwing}
 w - 19 poisoned darts {throwing}
 x - a throwing net {=f!fthrowing}
Armour
 b - a +0 leather armour (worn)
 i - a +0 buckler (worn)
   (You found it on level 5 of the Dungeon)
 k - a +0 tower shield
   (You found it on level 5 of the Dungeon)
 p - a +0 helmet (worn)
   (You found it on level 6 of the Dungeon)
 r - a +1 hat
   (You found it on level 6 of the Dungeon)
Jewellery
 q - an amulet of faith {!P}
   (You found it on level 9 of the Dungeon)
 y - a ring of positive energy
   (You found it on level 7 of the Dungeon)
Wands
 g - a wand of digging (10)
Scrolls
 c - a scroll of fog
 d - a scroll of magic mapping {!r}
 e - a scroll of teleportation {@r4}
 t - a scroll of enchant weapon
Potions
 u - a potion of might
 v - a potion of brilliance

Dungeon Overview and Level Annotations

Branches:
Dungeon (9/15)             Temple (1/1) D:4
   Lair: D:8-11         Orc: D:9-12

Altars:
Ashenzari
Cheibriados
Dithmenos
Elyvilon
Fedhas
Gozag
Hepliaklqana
Kikubaaqudgha
Makhleb
Nemelex Xobeh
Ru
Trog
Uskayaw
Vehumet
Xom
Yredelemnul
Zin
The Shining One

Shops:
D:8 [

Annotations:
D:5 exclusions: door and 1 more exclusion

#..#.##...######....
##...........##.....#
##.<......###........#
###..........#.....###.#
##.##...........##<..##..
##...........##..###.....#
#..###)..##..##...##.....#
#...##.......##...........
##..#.#..@..###...........
#....###Y#Y## ##..#.......
##..>####z#.## #..##......
##.....Y..z...####..........
##..............)............
##...#.......##..)............
#..[##.....).##[#)...###......
###.##..........##..........##
#........##....##......##..##


You could see 2 yaks and 2 wights.


Message History

You feel a little less mighty now. 😎 HP[+84]
Your hp is fully restored (92).
This spell is dangerous to cast!
Memorise Teleport Other, consuming 3 spell levels and leaving 6?
You start memorising the spell.
You continue memorising. x3
You finish memorising.
Spell assigned to 'a'.
Okay, then.
Okay, then.
Done exploring.
This spell is dangerous to cast!
Memorise Lesser Beckoning, consuming 3 spell levels and leaving 3?
You start memorising the spell.
You continue memorising. x3
You finish memorising.
Spell assigned to 'b'.
Done exploring.
(D) Dungeon (T) Temple
Where to? (Enter - D:8 @ (x,y), ? - help)
There is a stone staircase leading up, spattered with blood here.
There is a stone staircase leading down, spattered with blood here.
You climb downwards.
You block the yak's attack. The wight hits you with a +0 dagger.
You feel drained. The wight hits you with a +4 falchion. The yak gores you.
There is a stone staircase leading up here. 😕 HP[-14]
You now have 91 max hp (-1).
You take 14 damage, and now have 78/91 hp.
Unknown command.
The wight hits you with a +0 dagger.
You feel threatened and lose the ability to read scrolls!
You block the wight's attack. The yak gores you! The yak gores you.
You climb upwards.
There is a stone staircase leading down, spattered with blood here. 😮 HP[-20]
You take 20 damage, and now have 58/91 hp.
MASSIVE DAMAGE!! (PAUSE) Unknown command.
You cannot read scrolls in your current state!
Unknown command.
Okay, then.
The yak closely misses you.
You feel clever all of a sudden.
You can read scrolls again.
The yak gores you!
You feel threatened and lose the ability to read scrolls! 😮 HP[-9]
You take 9 damage, and now have 49/91 hp.
Cast which spell? (? or * to list)
Okay, then.
Cast which spell? (? or * to list)
Aiming: Teleport Other (dangerous; 71% risk of failure)
Press: ? - help, Shift-Dir - straight line, f - yak
Aim: a yak (chance to affect: 32%)
You feel a surge of power!
You miscast Teleport Other.
You are very lightly contaminated with residual magic.
Nothing appears to happen.
The wight barely misses you.
You block the yak's attack. 😮 HP[+1] MP[-2]
You lost 2 mp, and now have 8/10 mp.
You cannot read scrolls in your current state!
Unknown command.
The wight hits you but does no damage. The yak gores you. 😮 HP[-1]
You take 1 damage, and now have 49/91 hp.
You block the wight's attack. 😮 HP[+1]
You block the yak's attack.
You cannot read scrolls in your current state!
Unknown command.
You feel very mighty all of a sudden.
You can read scrolls again.
The yak gores you!
* * * LOW HITPOINT WARNING * * *
Your magical contamination has completely faded away. 😨 HP[-7] MP[+1]
You take 7 damage, and now have 43/91 hp.
You hit the yak. The yak barely misses you.
You hit the yak but do no damage. You block the yak's attack.
You hit the yak. Lightning courses through the yak! The yak gores you!
You feel threatened and lose the ability to read scrolls!
* * * LOW HITPOINT WARNING * * *
😨 HP[-13]
You take 13 damage, and now have 30/91 hp.
You hit the yak. The yak gores you!
* * * LOW HITPOINT WARNING * * *
😱 HP[-14]
You take 14 damage, and now have 16/91 hp.
Okay, then.
Okay, then.
You cannot read scrolls in your current state!
Okay, then.
Okay, then.
The yak gores you.
* * * LOW HITPOINT WARNING * * *
The yak gores you!
* * * LOW HITPOINT WARNING * * *
The yak gores you!
You die...
Your body crumbles into a pile of gold.

Skill      XL: |  1  2  3  4  5  6  7  8  9 |
---------------+----------------------------+-----
Stealth        | 8 9 11 12 14 15 | 15.0
Shields        | 1 2 3 5 |  5.6
Fighting       | 4 6 |  6.9
Dodging        | 3 5 |  5.4
Long Blades    | |  2.0

Action                   |  1- 3 |  4- 6 |  7- 9 | 10-12 || total
-------------------------+-------+-------+-------+-------++-------
Melee: Falchion          |     6 |       |       |       ||     6
       Flail             |     3 |    11 |       |       ||    14
       Dagger            |       |    26 |   215 |    28 ||   269
 Abil: Spit Poison       |     3 |     3 |     6 |     3 ||    15
       Breathe Poison Ga |       |     4 |    24 |       ||    28
Evoke: Wand              |       |     4 |     5 |     1 ||    10
  Use: Scroll            |       |     7 |     4 |       ||    11
       Potion            |       |     3 |     7 |     4 ||    14
 Stab: Sleeping          |     1 |     3 |     8 |     1 ||    13
       Paralysed         |       |     1 |     3 |       ||     4
       Distracted        |       |       |     1 |       ||     1
Armor: Leather armour    |       |     9 |    63 |     8 ||    80
Dodge: Dodged            |     4 |    23 |   117 |    15 ||   159
Block: Buckler           |       |     9 |    64 |    16 ||    89

Levels and vault maps discovered:
D:4:      layout_loops_ring, mainiacjoe_overflow_boulevard,
          minmay_temple_entry_hall, minmay_misc_feat_doors, uniq_ijyb,
          uniq_menkaure
D:5:      layout_basic, grunt_decor_fettered
D:6:      layout_gridville, kennysheep_generic_room_11, uniq_pikel
D:7:      layout_loops_ring, lemuel_crystal_altar
D:8:      layout_cave_pools, nicolae_dithmenos_shadow_blocks, serial_shops,
          kennysheep_little_box
D:9:      layout_rooms, lemuel_crystal_altar, serial_aquarium,
          aquarium_bridge_square [aquarium_subvault_wall,
          aquarium_subvault_wall, aquarium_subvault_wall,
          aquarium_subvault_bridge], aquarium_window_fake, aquarium_window_fake,
          aquarium_window_corridor_1, aquarium_window_2, aquarium_view_2f,
          minivault_28
Temple:   eino_temple_scatter_basement

Notes
Turn   | Place    | Note
-------+----------+-------------------------------------------
     0 | D:5      | spaghetti the Naga Delver began the quest for the Orb.
     0 | D:5      | Reached XP level 1. HP: 21/21 MP: 1/1
     0 | D:5      | magus.rc [v1.9.6]
   376 | D:5      | Noticed an iguana
   385 | D:5      | Killed an iguana
   386 | D:5      | Reached skill level 8 in Stealth
   386 | D:5      | Reached skill level 1 in Shields
   386 | D:5      | Reached XP level 2. HP: 15/28 MP: 2/2
   386 | D:5      | Reached XP level 3. HP: 18/34 MP: 3/3
   547 | D:5      | Noticed a water moccasin
   560 | D:5      | Identified the +0 flail of Fikhuosh {drain, Contam rElec
                  | Int+5 SInv}
   683 | D:5      | Noticed a scorpion
   688 | D:5      | Killed a scorpion
   689 | D:5      | Reached skill level 2 in Shields
   689 | D:5      | Reached XP level 4. HP: 28/42 MP: 4/4
   697 | D:5      | Reached skill level 9 in Stealth
   984 | D:4      | Found a staircase to the Ecumenical Temple.
  1003 | Temple   | Entered the Ecumenical Temple
  1202 | D:4      | Gained mutation: You can exhale a cloud of poison.
                  | [mutagenic glow]
  1258 | D:4      | Noticed Ijyb
  1263 | D:4      | Killed Ijyb
  1264 | D:4      | Reached XP level 5. HP: 49/49 MP: 5/5
  1420 | D:4      | Identified a scroll of acquirement
  1421 | D:4      | Acquired a manual of Polearms
  1431 | D:4      | Reached skill level 10 in Stealth
  1432 | D:4      | Noticed Menkaure
  1441 | D:4      | HP: 3/49 [Menkaure (24)]
  1443 | D:4      | Killed Menkaure
  1444 | D:4      | Reached skill level 11 in Stealth
  1444 | D:4      | Reached XP level 6. HP: 4/56 MP: 6/6
  1838 | D:4      | Found a hide-covered altar of Uskayaw.
  2430 | D:5      | HP: 13/56 [ogre (21)]
  2684 | D:5      | Reached skill level 12 in Stealth
  2684 | D:5      | Reached XP level 7. HP: 62/62 MP: 7/7
  3015 | D:5      | Reached skill level 13 in Stealth
  3526 | D:6      | Reached skill level 14 in Stealth
  3597 | D:6      | Reached XP level 8. HP: 31/69 MP: 8/8
  3896 | D:7      | Reached skill level 15 in Stealth
  4342 | D:6      | Noticed Pikel
  4352 | D:6      | Killed Pikel
  4353 | D:6      | Reached skill level 4 in Fighting
  4353 | D:6      | Reached skill level 2 in Dodging
  4353 | D:6      | Reached skill level 3 in Shields
  4479 | D:6      | Reached skill level 3 in Dodging
  4553 | D:6      | Reached XP level 9. HP: 64/79 MP: 9/9
  4814 | D:6      | Reached skill level 4 in Shields
  5176 | D:6      | Reached skill level 5 in Fighting
  5609 | D:7      | You pick up a book of Displacement and begin reading...
  5609 | D:7      | You add the spells Lesser Beckoning, Gell's Gravitas and
                  | Teleport Other to your library.
  5619 | D:7      | Reached skill level 4 in Dodging
  6308 | D:8      | Found a shadowy altar of Dithmenos.
  6609 | D:8      | Found Oliuw's Antique Armour Shop.
  6616 | D:8      | Bought a shiny scale mail for 154 gold pieces
  6998 | D:8      | Reached skill level 6 in Fighting
  7292 | Temple   | Became a worshipper of Gozag Ym Sagoz the Greedy
  7411 | D:7      | Reached skill level 5 in Shields
  7544 | D:7      | Found a white marble altar of Elyvilon.
  7768 | D:7      | Lost mutation: You can exhale a cloud of poison. [potion of
                  | mutation]
  7768 | D:7      | Gained mutation: You sometimes lose the ability to read
                  | scrolls when taking damage. [potion of mutation]
  7768 | D:7      | Gained mutation: You are clumsy. (Dex -2) [potion of
                  | mutation]
  7768 | D:7      | Gained mutation: Your muscles are strong. (Str +2) [potion
                  | of mutation]
  7927 | D:7      | HP: 19/85 [gnoll sergeant (8)]
  7930 | D:7      | Reached skill level 5 in Dodging
  8051 | D:7      | HP: 16/85 [killer bee (6)]
  8058 | D:7      | Reached XP level 10. HP: 19/92 MP: 10/10
  8801 | D:8      | HP: 15/92 [yak (11)]
  8855 | D:8      | HP: 10/92 [yak (16)]
  9204 | D:8      | Learned a level 3 spell: Teleport Other
  9208 | D:8      | Learned a level 3 spell: Lesser Beckoning
  9241 | D:8      | HP: 16/91 [yak (15)]
  9242 | D:8      | HP: 1/91 [yak (13)]
  9242 | D:8      | Mangled by a yak

Vanquished Creatures
  Pikel (D:6)
  2 yaks
  A steam dragon (D:6)
  Menkaure (D:4)
  5 water moccasins
  An orc warrior (D:7)
  An ice beast (D:5)
  2 black bears (D:6)
  A sky beast (D:7)
  2 ogres
  A necrophage (D:6)
  2 centaurs
  A kobold brigand (D:8)
  A gnoll sergeant (D:7)
  2 bullfrogs
  A wyvern zombie (D:8)
  2 scorpions
  A water moccasin skeleton (D:6)
  5 killer bees (D:7)
  A bullfrog zombie (D:5)
  2 gnoll shamans
  3 hounds
  A centaur skeleton (D:6)
  2 iguanas
  Ijyb (D:4)
  An orc wizard (D:8)
  3 killer bee zombies
  11 gnolls
  3 adders
  A shadow imp (D:5)
  A white imp (D:6)
  4 ufetubi
  10 orcs
  3 goblins (D:4)
  A hobgoblin (D:4)
  2 jackals (D:4)
  6 kobolds
89 creatures vanquished.

Table legend:
 A = Non-vault XP
 B = Vault XP
 C = Vault XP percentage of total XP
 D = Non-vault monster count
 E = Vault monster count
 F = Vault count percentage of total count
                 A         B        C        D         E       F
            +---------+---------+-------+---------+---------+-------
      Total |    4269 |     944 |  18.1 |      84 |       5 |   5.6
            +---------+---------+-------+---------+---------+-------
        D:4 |     110 |     208 |  65.4 |      10 |       2 |  16.7
        D:5 |     798 |       0 |   0.0 |      14 |       0 |   0.0
        D:6 |    1032 |     736 |  41.6 |      15 |       3 |  16.7
        D:7 |    1422 |       0 |   0.0 |      20 |       0 |   0.0
        D:8 |     575 |       0 |   0.0 |      21 |       0 |   0.0
        D:9 |     332 |       0 |   0.0 |       4 |       0 |   0.0
            +---------+---------+-------+---------+---------+-------

Illustrated notes

Table legend:
 A = Kills in this place as a percentage of kills in entire the game.
 B = Kills by you in this place as a percentage of kills by you in the entire game.
 C = Kills by friends in this place as a percentage of kills by friends in the entire game.
 D = Other kills in this place as a percentage of other kills in the entire game.
 E = Experience gained in this place as a percentage of experience gained in the entire game.
 F = Experience gained in this place divided by the number of levels of this place that you have seen.
                   A       B       C       D       E      F
               +-------+-------+-------+-------+-------+----------------------
         Total | 100.0 | 100.0 |   N/A |   N/A | 100.0 | 744.7
       Dungeon | 100.0 | 100.0 |   N/A |   N/A | 100.0 | 868.8
               +-------+-------+-------+-------+-------+----------------------

Table legend: (Time is in decaauts)
 A = Elapsed time spent in this place.
 B = Non-inter-level travel time spent in this place.
 C = Inter-level travel time spent in this place.
 D = Time resting spent in this place.
 E = Time spent auto-exploring this place.
 F = Levels seen in this place.
 G = Mean time per level.
                   A        B        C        D        E       F      G
               +--------+--------+--------+--------+--------+-----+--------+
         Total |  10651 |   9996 |    655 |   4262 |   4459 |   7 | 1521.6 |
       Dungeon |  10461 |   9853 |    608 |   4262 |   4336 |   6 | 1743.5 |
        Temple |    190 |    144 |     46 |      0 |    123 |   1 |  190.0 |
               +--------+--------+--------+--------+--------+-----+--------+

Top non-repeatable levels by time:
     D:5: 2635 daAuts
     D:6: 2549 daAuts
     D:8: 2333 daAuts
     D:7: 1441 daAuts
     D:4: 1324 daAuts
  Temple: 190 daAuts
     D:9: 178 daAuts
